 Dungeon Crawl Stone Soup version 0.30-a0-972-gf3ab3527aa (webtiles) character file.

Game seed: 17865377075527898706

81 retardedninja the Conjurer (level 4, -5/33 HPs)
             Began as a Draconian Conjurer on Mar 31, 2023.
             Killed from afar by an orc wizard (12 damage)
             ... with a puff of flame
             ... on level 3 of the Dungeon.
             The game lasted 00:03:06 (2397 turns).

retardedninja the Conjurer (Draconian Conjurer)     Turns: 2397, Time: 00:03:07

Health: -5/33      AC:  6    Str:  9    XL:     4   Next: 20%
Magic:  1/7        EV: 12    Int: 21    God:
Gold:   137        SH:  0    Dex: 11    Spells: 7/8 levels left

rFire   . . .      SeeInvis .    m - +0 rapier
rCold   . . .      Faith    .    (no shield)
rNeg    . . .      Spirit   .    (body armour unavailable)
rPois   +          Reflect  .    (helmet restricted)
rElec   .          Rampage  .    (no cloak)
rCorr   .                        p - +0 pair of gloves
Will    .....                    (no boots)
Stlth   +++                      (no amulet)
HPRegen 0.25/turn                c - ring of poison resistance
MPRegen 0.10/turn                (no ring)

@: no status effects
A: AC +5, unfitting armour, cold-blooded, thin skeletal structure 1
a: no special abilities


You were on level 3 of the Dungeon.
You visited 1 branch of the dungeon, and saw 3 of its levels.

You collected 137 gold pieces.

Inventory:

Hand Weapons
 m - a +0 rapier (weapon)
Armour
 p - a +0 pair of gloves (worn)
Jewellery
 c - a ring of poison resistance (left hand)
Wands
 o - a wand of polymorph (5)
Scrolls
 b - 2 scrolls of fear {unknown}
 d - 2 scrolls of immolation {unknown}
 f - a scroll of silence {unknown}
 g - 3 scrolls of identify {unknown}
 h - 2 scrolls of blinking {unknown}
 j - a scroll of poison {unknown}
 l - a scroll of magic mapping {unknown}
 q - a scroll of fog {unknown}
Potions
 a - a potion of magic
 k - a potion of heal wounds {unknown}
 n - a potion of cancellation {unknown}


   Skills:
 + Level 2.3 Dodging
 + Level 2.5 Stealth
 + Level 2.5 Spellcasting
 * Level 4.7 Conjurations


You had 7 spell levels left.
You knew the following spells:

 Your Spells              Type           Power      Damage    Failure   Level
a - Magic Dart            Conj           88%        1d7       1%          1

Your spell library contained the following spells:

 Spells                   Type           Power      Damage    Failure   Level
 Searing Ray              Conj           44%        2d6       3%          2
 Dazzling Flash           Conj/Hex       24%        N/A       16%         3
 Call Canine Familiar     Summ           2%         N/A       38%         3
 Portal Projectile        Hex/Tloc       4%         N/A       38%         3
 Fulminant Prism          Conj/Hex       6%         3d7       45%         4
 Iskenderun's Mystic Bla  Conj/Tloc      12%        2d5       45%         4
 Leda's Liquefaction      Hex/Erth       1%         N/A       80%         4
 Irradiate                Conj/Tmut      6%         3d13      82%         5
 Blade Hands              Tmut           1%         N/A       98%         5
 Dragon Form              Tmut           1%         N/A       100%        7


Dungeon Overview and Level Annotations

Branches:
Dungeon (3/15)

Altars:

Annotations:
D:3 1 runed translucent door, Crazy Yiuf


Innate Abilities, Weirdness & Mutations

Your plain brown scales are hard. (AC +5)
You cannot fit into any form of body armour.
You are cold-blooded and may be slowed by cold attacks.
You have a somewhat thin skeletal structure. (Dex +2, Stealth+)


Message History

The magic dart hits you.
* * * LOW HITPOINT WARNING * * *
The orc wizard barely misses you. The orc closely misses you.
You feel better. The orc barely misses you. Something hits you.
The orc wizard hits you with a +0 dagger.
The orc hits you but does no damage.
Aiming: Magic Dart (safe; 1% risk of failure)
Press: ? - help, Q - select action, (/) - cycle Shift-Dir - straight line, f/p - orc wizard
Aim: an orc wizard, wielding a +0 dagger and wearing a +0 robe (heavily wounded, 100% to hit)
The magic dart hits the orc wizard but does no damage.
The orc wizard is heavily wounded.
The orc hits you with a +0 dagger. Something hits you but does no damage.
The orc wizard hits you but does no damage.
The orc hits you but does no damage.
Aiming: Magic Dart (safe; 1% risk of failure)
Press: ? - help, Q - select action, (/) - cycle Shift-Dir - straight line, f - orc, p - orc wizard
Aim: an orc, wielding a +0 dagger (almost dead, 100% to hit)
The magic dart hits the orc.
You kill the orc!
The orc wizard hits you with a +0 dagger.
* * * LOW HITPOINT WARNING * * *
Something hits you but does no damage. The orc barely misses you.
Unknown command.
Aiming: Magic Dart (safe; 1% risk of failure)
Press: ? - help, Q - select action, (/) - cycle Shift-Dir - straight line, f - orc
Aim: an orc, wielding a +0 short sword (100% to hit)
The magic dart hits the orc!
You kill the orc!
An orc wizard appears from thin air!
Reactivating autopickup.
The orc wizard casts a spell at you. You resist with some effort.
The orc wizard misses you. The orc hits you with a +0 dagger.
* * * LOW HITPOINT WARNING * * *
Unknown command.
It was a potion of mutation.
You feel extremely strange.
Your bones become slightly less dense.
The orc wizard casts a spell at you. The puff of flame hits you!
You die...

#..#..#######.### #..#
#...## #.....# #.##
##.#######.....#####.#
#.................#.#
#########.....###.#.#
#.....# #.# ## ###.###
#.# ##.#####.# #.#
##.oo@o...#
##...o)#####
#.........#
.............#
.##....##.##..# ......
.. ... .####.. _?. ..
#.. ..#. # (.. .##..


You could see 2 orc wizards and 2 orcs.

Vanquished Creatures
  3 adders (D:2)
  A dart slug (D:2)
  3 worms (D:2)
  2 orcs (D:3)
  3 bats
  3 endoplasms (D:1)
  A giant cockroach (D:2)
  2 goblins (D:2)
  4 hobgoblins (D:1)
  5 jackals
  3 quokkas
  5 ball pythons
  2 frilled lizards (D:3)
  A kobold (D:2)
  3 rats
41 creatures vanquished.

Notes
Turn   | Place    | Note
-------+----------+-------------------------------------------
     0 | D:1      | retardedninja the Draconian Conjurer began the quest for
                  | the Orb.
     0 | D:1      | Reached XP level 1. HP: 14/14 MP: 3/3
   263 | D:1      | Reached XP level 2. HP: 20/20 MP: 0/5
   935 | D:2      | Reached XP level 3. HP: 11/26 MP: 0/6
  1753 | D:2      | Reached XP level 4. HP: 33/33 MP: 5/7
  2244 | D:3      | Found a runed translucent door.
  2245 | D:3      | Noticed Crazy Yiuf
  2367 | D:3      | Found a faded altar of an unknown god.
  2397 | D:3      | Gained mutation: You have a somewhat thin skeletal
                  | structure. (Dex +2, Stealth+) [potion of mutation]
  2397 | D:3      | Killed from afar by an orc wizard

Illustrated notes

Levels and vault maps discovered:
D:1:      sevenhm_arrival_forest_fort_small_3, layout_loops_ring,
          minmay_strange_pillars, minmay_tall_x
D:2:      layout_rooms
D:3:      layout_loops_ring, ebering_ecumenical_altar_box,
          uniq_crazy_yiuf_cottage

Skill      XL: |  1  2 |
---------------+-------+-----
Stealth        | 2 |  2.5
Dodging        | 2 |  2.3
Spellcasting   | |  2.5
Conjurations   | |  4.7

Action                     |  1- 3 |  4- 6 || total
---------------------------+-------+-------++-------
  Melee: Unarmed           |    10 |       ||    10
         Tailslap          |     3 |       ||     3
         Morningstar       |     2 |       ||     2
         Rapier            |       |    13 ||    13
   Cast: Magic Dart        |    65 |    23 ||    88
    Use: Potion            |       |     3 ||     3
 Armour: Skin              |     5 |    35 ||    40
  Dodge: Dodged            |    12 |    34 ||    46

Table legend: (Time is in decaauts)
 A = Elapsed time spent in this place.
 B = Non-inter-level travel time spent in this place.
 C = Inter-level travel time spent in this place.
 D = Time resting spent in this place.
 E = Time spent auto-exploring this place.
 F = Levels seen in this place.
 G = Mean time per level.
                   A        B        C        D        E       F      G
               +--------+--------+--------+--------+--------+-----+--------+
         Total |   2398 |   2351 |     47 |    210 |   1831 |   3 |  799.3 |
       Dungeon |   2398 |   2351 |     47 |    210 |   1831 |   3 |  799.3 |
               +--------+--------+--------+--------+--------+-----+--------+

Top non-repeatable levels by time:
     D:2: 944 daAuts
     D:1: 907 daAuts
     D:3: 546 daAuts
